 Dungeon Crawl Stone Soup version 0.25.1-1-g288607f5aa (webtiles) character file.

Game seed: 14958406282657507066

102 protoss039 the Grasshopper (level 4, 0/38 HPs)
             Began as a Gnoll Warper on July 25, 2020.
             Succumbed to an orc wizard's poison
             ... on level 2 of the Dungeon.
             The game lasted 00:03:22 (1837 turns).

protoss039 the Grasshopper (Gnoll Warper)           Turns: 1837, Time: 00:03:23

Health: 0/38       AC:  5    Str: 14    XL:     4   Next: 78%
Magic:  11/11      EV: 14    Int: 15    God:
Gold:   45         SH:  0    Dex: 15    Spells: 13/13 levels left

rFire    . . .     SeeInvis .   a - +0 short sword
rCold    . . .     Gourm    .   (no shield)
rNeg     . . .     Faith    .   b - +0 leather armour
rPois    .         Spirit   .   o - +2 hat
rElec    .         Reflect  .   (no cloak)
rCorr    .         Harm     .   (no gloves)
MR       .....                  (no boots)
Stlth    +.........             (no amulet)
HPRegen  0.12/turn              (no ring)
MPRegen  0.12/turn              (no ring)

@: confused, lethally poisoned (0 -> -12), flying, hasted, very quick
A: distributed training, fangs 1, strong nose
a: no special abilities


You were on level 2 of the Dungeon.
You were completely stuffed.

You visited 1 branch of the dungeon, and saw 2 of its levels.

You collected 45 gold pieces.

Inventory:

Hand Weapons
 a - a +0 short sword (weapon)
Armour
 b - a +0 leather armour (worn)
 o - a +2 hat (worn)
 q - a cursed +0 leather armour
 r - a +0 buckler
Scrolls
 c - 4 scrolls of identify {unknown}
 d - a scroll of blinking
 i - 2 scrolls of teleportation {unknown}
 j - a scroll of fear {unknown}
 k - a scroll of enchant armour {unknown}
 m - a scroll of amnesia {unknown}
 n - 2 scrolls of immolation {unknown}
 t - 2 scrolls of remove curse {unknown}
Potions
 l - a potion of flight
 s - a potion of mutation
Comestibles
 f - a ration


   Skills:
 + Level 4.7 Fighting
 + Level 4.7 Short Blades
 + Level 1.2 Long Blades
 + Level 1.2 Axes
 + Level 1.2 Maces & Flails
 + Level 1.2 Polearms
 + Level 1.2 Staves
 + Level 1.2 Slings
 + Level 1.2 Bows
 + Level 1.2 Crossbows
 + Level 2.8 Throwing
 + Level 2.8 Armour
 + Level 4.7 Dodging
 + Level 1.2 Stealth
 + Level 1.2 Shields
 + Level 1.2 Unarmed Combat
 + Level 5.1 Spellcasting
 + Level 1.0 Conjurations
 + Level 1.0 Hexes
 + Level 1.0 Charms
 + Level 1.0 Summonings
 + Level 1.0 Necromancy
 + Level 5.5 Translocations
 + Level 1.0 Transmutations
 + Level 1.0 Fire Magic
 + Level 1.0 Ice Magic
 + Level 1.0 Air Magic
 + Level 1.0 Earth Magic
 + Level 1.0 Poison Magic
 + Level 1.3 Invocations
 + Level 1.2 Evocations


You had 13 spell levels left.
You didn't know any spells.
Your spell library contained the following spells:

 Spells                   Type           Power        Failure   Level  Hunger
 Blink                    Tloc           N/A          3%          2    ##.....
 Gell's Gravitas          Tloc           ###.......   6%          3    ###....
 Lesser Beckoning         Tloc           ###.......   6%          3    ###....
 Teleport Other           Tloc           ###.....     6%          3    ###....
 Shroud of Golubria       Chrm/Tloc      ##....       8%          2    ##.....
 Passage of Golubria      Tloc           N/A          21%         4    ####...


Dungeon Overview and Level Annotations

Branches:
Dungeon (2/15)

Altars:
Gozag


Innate Abilities, Weirdness & Mutations

Your experience applies equally to all skills.
You have very sharp teeth.
Your uncanny sense of smell can sniff out nearby items.


Message History

Okay, then.
You're too confused!
Okay, then.
You eat one of the 4 rations.
That ration really hit the spot!
You hear some strange, mumbled words.
Something tries to affect you, but you resist.
Unknown command.
You eat one of the 3 rations.
That ration really hit the spot!
* * * LOW HITPOINT WARNING * * *
You feel sick. Something hits you.
* * * LOW HITPOINT WARNING * * *
You are more poisoned.
You eat one of the 2 rations.
That ration really hit the spot!
* * * LOW HITPOINT WARNING * * *
You feel sick.
Unknown command.
Unknown command.
You hit something. Something hits you but does no damage.
Unknown command.
You die...

####################
#..@.{...)..........
#.##################
#.# #### #.# ... #.#
#. #.# #. #.# #. #.#
#. #.# #.


There were no monsters in sight!

Vanquished Creatures
  An orc wizard (D:2)
  Terence (D:2)
  An ooze (D:2)
  4 dart slugs
  A leopard gecko (D:2)
  An orc (D:2)
  3 bats (D:1)
  2 giant cockroaches (D:1)
  4 goblins (D:2)
  6 hobgoblins
  3 frilled lizards
  8 kobolds
  4 rats
39 creatures vanquished.

Notes
Turn   | Place    | Note
-------+----------+-------------------------------------------
     0 | D:1      | protoss039 the Gnoll Warper began the quest for the Orb.
     0 | D:1      | Reached XP level 1. HP: 20/20 MP: 6/6
   377 | D:1      | Reached XP level 2. HP: 26/26 MP: 7/7
  1075 | D:1      | Reached XP level 3. HP: 28/31 MP: 9/9
  1186 | D:2      | Reached skill level 5 in Spellcasting
  1368 | D:2      | Reached skill level 1 in Invocations
  1376 | D:2      | Noticed Terence
  1389 | D:2      | Killed Terence
  1389 | D:2      | Reached skill level 1 in Long Blades
  1389 | D:2      | Reached skill level 1 in Axes
  1389 | D:2      | Reached skill level 1 in Maces & Flails
  1389 | D:2      | Reached skill level 1 in Polearms
  1389 | D:2      | Reached skill level 1 in Staves
  1389 | D:2      | Reached skill level 1 in Slings
  1389 | D:2      | Reached skill level 1 in Bows
  1389 | D:2      | Reached skill level 1 in Crossbows
  1389 | D:2      | Reached skill level 1 in Stealth
  1389 | D:2      | Reached skill level 1 in Shields
  1389 | D:2      | Reached skill level 1 in Unarmed Combat
  1389 | D:2      | Reached skill level 1 in Evocations
  1389 | D:2      | Reached XP level 4. HP: 37/38 MP: 11/11
  1731 | D:2      | Found an opulent altar of Gozag.
  1802 | D:2      | Reached skill level 1 in Conjurations
  1802 | D:2      | Reached skill level 1 in Hexes
  1802 | D:2      | Reached skill level 1 in Charms
  1802 | D:2      | Reached skill level 1 in Summonings
  1802 | D:2      | Reached skill level 1 in Necromancy
  1802 | D:2      | Reached skill level 1 in Transmutations
  1802 | D:2      | Reached skill level 1 in Fire Magic
  1802 | D:2      | Reached skill level 1 in Ice Magic
  1802 | D:2      | Reached skill level 1 in Air Magic
  1802 | D:2      | Reached skill level 1 in Earth Magic
  1802 | D:2      | Reached skill level 1 in Poison Magic
  1813 | D:2      | Gained mutation: You are frail. (-10% HP) [potion of
                  | mutation]
  1813 | D:2      | Lost mutation: You are frail. (-10% HP) [potion of
                  | mutation]
  1835 | D:2      | HP: 1/38 [poisoned by an orc wizard]
  1837 | D:2      | Succumbed to an orc wizard's poison

Illustrated notes

Levels and vault maps discovered:
D:1:      erik_arrival_orb_chamber, layout_basic, patterned_corridor
D:2:      layout_basic, grunt_gozag_breadcrumbs, uniq_terence

Skill      XL: |  1  2  3  4 |
---------------+-------------+-----
Spellcasting   | 5 |  5.1
Invocations    | 1 |  1.3
Long Blades    | 1 |  1.2
Axes           | 1 |  1.2
Maces & Flails | 1 |  1.2
Polearms       | 1 |  1.2
Staves         | 1 |  1.2
Slings         | 1 |  1.2
Bows           | 1 |  1.2
Crossbows      | 1 |  1.2
Stealth        | 1 |  1.2
Shields        | 1 |  1.2
Unarmed Combat | 1 |  1.2
Evocations     | 1 |  1.2
Conjurations   | 1 |  1.0
Hexes          | 1 |  1.0
Charms         | 1 |  1.0
Summonings     | 1 |  1.0
Necromancy     | 1 |  1.0
Transmutations | 1 |  1.0
Fire Magic     | 1 |  1.0
Ice Magic      | 1 |  1.0
Air Magic      | 1 |  1.0
Earth Magic    | 1 |  1.0
Poison Magic   | 1 |  1.0
Fighting       | |  4.7
Short Blades   | |  4.7
Throwing       | |  2.8
Armour         | |  2.8
Dodging        | |  4.7
Translocations | |  5.5

Action                   |  1- 3 |  4- 6 || total
-------------------------+-------+-------++-------
Melee: Short sword       |   125 |    45 ||   170
       Bite              |    14 |     2 ||    16
Throw: Boomerang         |     2 |     3 ||     5
  Use: Potion            |       |     4 ||     4
 Stab: Sleeping          |     2 |       ||     2
  Eat: Chunk             |     2 |       ||     2
       Ration            |       |     3 ||     3
Armor: Leather armour    |    24 |    15 ||    39
Dodge: Dodged            |    77 |    17 ||    94
